 Dungeon Crawl Stone Soup version 0.28-a0-845-gfc338a8e3c (webtiles) character file.

Game seed: 4366030408392727068

137 bande the Skirmisher (level 5, -2/33 HPs)
             Began as a Gargoyle Fighter on Nov 12, 2021.
             Slain by an ogre (14 damage)
             ... on level 4 of the Dungeon.
             The game lasted 00:03:48 (2580 turns).

bande the Skirmisher (Gargoyle Fighter)             Turns: 2580, Time: 00:03:49

Health: -2/33      AC: 20    Str: 20    XL:     5   Next: 20%
Magic:  5/5        EV:  7    Int:  9    God:
Gold:   86         SH:  9    Dex:  9    Spells: 4/4 levels left

rFire   . . .      SeeInvis .   a - +0 war axe
rCold   . . .      Faith    .   c - +0 buckler
rNeg    + . .      Spirit   .   h - +0 chain mail
rPois   ∞          Reflect  +   g - +1 helmet
rElec   +          Harm     .   (no cloak)
rCorr   .          Rampage  .   (no gloves)
Will    .....                   p - +0 pair of boots
Stlth   ..........              k - amulet of reflection
HPRegen 0.11/turn               o - +4 ring of protection
MPRegen 0.09/turn               (no ring)

@: no status effects
A: sickness immunity, AC +4, negative energy resistance 1, electricity
resistance, torment resistance 1, petrification resistance
a: no special abilities


You were on level 4 of the Dungeon.
You visited 1 branch of the dungeon, and saw 4 of its levels.

You collected 86 gold pieces.

Inventory:

Hand Weapons
 a - a +0 war axe (weapon)
 q - a +0 war axe
Armour
 c - a +0 buckler (worn)
 g - a +1 helmet (worn)
 h - a +0 chain mail (worn)
 p - a +0 pair of boots (worn)
Jewellery
 k - an amulet of reflection (around neck)
 n - an amulet of magic regeneration
 o - a +4 ring of protection (left hand)
Scrolls
 m - 2 scrolls of teleportation
Potions
 b - a potion of ambrosia {unknown}
 d - a potion of might
 e - a potion of curing
 f - a potion of lignification {unknown}
 i - 3 potions of brilliance {unknown}
 j - a potion of mutation {unknown}
 l - 2 potions of experience {unknown}


   Skills:
 + Level 4.1 Fighting
 + Level 3.2 Axes
 + Level 4.0 Armour
 + Level 4.0 Shields


You had 4 spell levels left.
You didn't know any spells.
Your spell library was empty.

Dungeon Overview and Level Annotations

Branches:
Dungeon (4/15)
 Temple: D:4-7

Altars:


Innate Abilities, Weirdness & Mutations

You are immune to sickness and miasma.
Your stone body is resilient. (AC +4)
You are immune to poison.
You resist negative energy. (rN+)
You are resistant to electric shocks. (rElec)
You are resistant to unholy torment.
You are immune to petrification.


Message History

Found a dagger.
Found a dagger.
No target in view!
A ball python comes into view.
Found a stone staircase leading down.
The ball python hisses angrily.
A ball python is nearby!
You barely miss the ball python. You block the ball python's attack.
The ball python grabs you. The ball python constricts you.
The ball python barely misses you. The ball python constricts you.
You hit the ball python.
You kill the ball python!
No target in view!
You see here a ball python corpse.
A worm comes into view.
The worm moves out of view.
An ogre comes into view. It is wielding a +0 giant spiked club.
The ogre shouts!
A giant cockroach comes into view.
Found 12 gold pieces and 13 stones.
The ogre closely misses you.
You hit the ogre.
The ogre is lightly wounded.
You block the ogre's attack.
You slash the ogre!
The ogre is heavily wounded.
The ogre hits you with a +0 giant spiked club!
You slash the ogre!
The ogre is almost dead.
You slash the worm!
The ogre hits you with a +0 giant spiked club!
* * * LOW HITPOINT WARNING * * *
The worm bites you.
* * * LOW HITPOINT WARNING * * *
A hobgoblin comes into view.
You feel better.
The hobgoblin shouts!
You block the giant cockroach's attack.
The ogre hits you with a +0 giant spiked club!
You die...

#.#
#.†........
#.#
#.#....)...
#.#
#.########.
#.# #.# ##
#.# #.# . ###
#.#
#.#####.#....
#.....#....$.
#####.B......
#@w......
#O......#
#.......#
#.......#
.g......#
........# #.
..(.##### ..
.....# #


You could see an ogre, a worm, a giant cockroach and a hobgoblin.

Vanquished Creatures
  An orc priest (D:4)
  A centaur skeleton (D:4)
  A shadow imp (D:4)
  4 worms (D:2)
  2 dart slugs (D:2)
  7 orcs (D:4)
  3 bats
  4 endoplasms
  4 goblins
  3 hobgoblins
  3 quokkas
  7 ball pythons
  6 frilled lizards
  3 kobolds
49 creatures vanquished.

Notes
Turn   | Place    | Note
-------+----------+-------------------------------------------
     0 | D:1      | bande the Gargoyle Fighter began the quest for the Orb.
     0 | D:1      | Reached XP level 1. HP: 14/14 MP: 1/1
   237 | D:1      | Reached XP level 2. HP: 13/19 MP: 2/2
   990 | D:2      | Reached XP level 3. HP: 24/24 MP: 3/3
  1294 | D:2      | Found a faded altar of an unknown god.
  2383 | D:4      | Reached XP level 4. HP: 29/29 MP: 4/4
  2468 | D:4      | Reached XP level 5. HP: 32/33 MP: 5/5
  2574 | D:4      | Noticed an ogre
  2580 | D:4      | Slain by an ogre

Illustrated notes

Levels and vault maps discovered:
D:1:      matt_arrival_spirals, layout_basic
D:2:      kennysheep_big_flooded_room, layout_loops_ring,
          shapermc_ecumenical_altar_venn, minmay_tiny_reverse_x
D:3:      layout_loops_ring
D:4:      layout_basic, minmay_temple_entry_large_hall,
          chequers_serial_rivers_micro_d

Skill      XL: |  1  2  3  4 |
---------------+-------------+-----
Axes           | 2 3 |  3.2
Fighting       | 4 |  4.1
Armour         | 4 |  4.0
Shields        | 4 |  4.0

Action                   |  1- 3 |  4- 6 || total
-------------------------+-------+-------++-------
Melee: War axe           |   116 |    37 ||   153
  Use: Scroll            |     4 |       ||     4
       Potion            |       |     1 ||     1
Armor: Scale mail        |    13 |       ||    13
       Chain mail        |    49 |    22 ||    71
Dodge: Dodged            |    35 |     7 ||    42
Block: Buckler           |    46 |    17 ||    63
       Reflection        |     2 |       ||     2

Table legend: (Time is in decaauts)
 A = Elapsed time spent in this place.
 B = Non-inter-level travel time spent in this place.
 C = Inter-level travel time spent in this place.
 D = Time resting spent in this place.
 E = Time spent auto-exploring this place.
 F = Levels seen in this place.
 G = Mean time per level.
                   A        B        C        D        E       F      G
               +--------+--------+--------+--------+--------+-----+--------+
         Total |   2638 |   2624 |     14 |     88 |   1947 |   4 |  659.5 |
       Dungeon |   2638 |   2624 |     14 |     88 |   1947 |   4 |  659.5 |
               +--------+--------+--------+--------+--------+-----+--------+

Top non-repeatable levels by time:
     D:1: 921 daAuts
     D:2: 762 daAuts
     D:3: 725 daAuts
     D:4: 230 daAuts
